Map: Prion Terraces

Players

MarineLorD - Winner!

  • Race: Terran Terran
  • League: Platinum

SortOf

  • Race: Zerg Zerg
  • League: Grandmaster

Event: NationWars III

VOD

Have the link to the VOD?

Description

Time

  • Played on: Dec. 6, 2015, 3:56 p.m.
  • Length: 12:24

All games in this series

Show
View Real Time Build Order
Export as new Build Order

MarineLorD Terran - Winner!

Build Orders: Hellion Opening, Reaper Expand, Bio Tank 

Get SALT Encoding   

  12  0:00  SCV  
  13  0:12  SCV  
  14  0:17  Supply Depot  
  14  0:24  SCV  
  15  0:38  SCV  
  15  0:39  Barracks  
  16  0:44  Refinery  
  16  0:50  SCV  
  17  1:03  SCV  
  18  1:15  SCV  
  19  1:27  Reaper, Orbital Command  
  20  1:39  Command Center  
  20  1:49  Supply Depot  
  20  1:52  SCV  
  21  1:59  Marine  
  22  2:04  SCV  
  23  2:08  Factory  
  23  2:16  SCV  
  23  2:22  Barracks Reactor  
  24  2:28  SCV  
  25  2:40  SCV  
  26  2:51  Refinery  
  26  2:53  SCV  
  26  2:54  Orbital Command  
  27  2:59  Starport  
  27  3:05  SCV, Hellion x2, Marine  
  33  3:17  SCV  
  34  3:23  Marine  
  34  3:24  SCV  
  34  3:26  Hellion  
  40  3:27  Hellion  
  40  3:29  SCV  
  40  3:33  Supply Depot  
  41  3:34  Supply Depot  
  41  3:36  SCV, Medivac  
  45  3:41  SCV  
  45  3:43  Marine  
  46  3:50  Armory  
  46  3:54  SCV x2  
  46  3:55  Hellion x2  
  52  3:59  Supply Depot  
  52  4:03  Supply Depot  
  52  4:06  SCV  
  52  4:09  SCV  
  54  4:12  Liberator  
  54  4:16  Hellion x2  
  58  4:17  Barracks Tech Lab  
  58  4:18  SCV  
  58  4:21  SCV  
  60  4:31  SCV  
  64  4:35  SCV  
  65  4:38  Supply Depot  
  65  4:43  SCV  
  66  4:47  SCV  
  66  4:52  Marine x2  
  69  4:53  Siege Tank  
  69  4:55  SCV  
  74  5:00  SCV  
  73  5:07  SCV  
  73  5:10  Marine x2  
  73  5:13  SCV  
  74  5:15  Command Center, Refinery  
  74  5:16  Refinery  
  74  5:19  SCV, Barracks  
  71  5:21  Barracks  
  71  5:25  SCV  
  69  5:31  SCV  
  69  5:33  Marine x2  
  69  5:34  Siege Tank  
  69  5:35  Medivac  
  75  5:37  SCV  
  76  5:43  SCV  
  78  5:50  SCV  
  78  5:51  Marine x2  
  78  5:54  Engineering Bay x2  
  78  5:55  SCV  
  81  6:02  SCV  
  82  6:06  Supply Depot, Siege Tank  
  82  6:07  Supply Depot  
  86  6:15  Marine  
  86  6:16  Barracks Tech Lab x2  
  86  6:23  Terran Infantry Weapons Level 1, Terran Infantry Armor Level 1  
  86  6:25  Supply Depot, Starport Reactor  
  86  6:27  SCV x2, Marine  
  86  6:32  Orbital Command  
  89  6:39  SCV x2  
  86  6:41  Marine  
  86  6:42  Marine x2  
  86  6:43  Combat Shields  
  86  6:44  Stimpack, Marine  
  88  6:51  SCV  
  89  6:58  Barracks, Orbital Command  
  89  6:59  Barracks, Marine  
  89  7:01  Marine  
  90  7:03  SCV  
  90  7:04  Marine x2  
  90  7:05  Siege Tank  
  90  7:06  Medivac  
  90  7:17  Marine  
  90  7:18  Medivac  
  90  7:19  Marine  
  90  7:21  Terran Vehicle Weapons Level 1  
  90  7:22  Marine x2  
  97  7:27  Refinery  
  96  7:31  Refinery, Barracks x2  
  96  7:32  Supply Depot  
  96  7:35  Marine  
  96  7:36  Medivac  
  100  7:40  Marauder, Marine  
  100  7:41  Marauder  
  104  7:48  Barracks Reactor, Medivac  
  107  7:53  SCV x2, Marine  
  107  7:57  Supply Depot x2, Marine  
  107  7:58  Siege Tank  
  114  8:00  Barracks Reactor  
  114  8:01  Marauder  
  114  8:02  Marine  
  116  8:08  Barracks  
  116  8:09  SCV  
  116  8:10  Bunker  
  116  8:11  Bunker, Marine  
  119  8:15  Marine  
  119  8:19  Marine  
  120  8:20  Marine x2  
  120  8:22  Marine  
  120  8:26  Terran Infantry Weapons Level 2, Terran Infantry Armor Level 2  
  122  8:28  Marine x3  
  122  8:33  Marine  
  126  8:35  Siege Tank  
  126  8:37  Medivac, Marine x2  
  126  8:38  Command Center, Supply Depot, Marine x3  
  126  8:40  Supply Depot, Marine  
  137  8:46  Marine x3  
  140  8:51  Marine  
  140  8:55  Marine x2  
  142  8:56  Marine x3  
  142  9:01  Supply Depot, Marine x2  
  148  9:03  Supply Depot  
  148  9:04  Marine x3  
  148  9:07  Siege Tank  
  148  9:09  Factory, Marine  
  155  9:12  Marine  
  155  9:13  Marine x3  
  155  9:14  Marine  
  159  9:19  Marine x2  
  159  9:20  Supply Depot  
  159  9:21  Supply Depot  
  159  9:22  Marine x3  
  164  9:27  Marine  
  164  9:30  Marine  
  164  9:31  Marine x3  
  165  9:32  Marine  
  165  9:36  Marine  
  165  9:37  Marine  
  171  9:39  Siege Tank, Marine  
  171  9:40  Marine x2  
  171  9:44  Marine  
  178  9:48  Marine  
  178  9:49  Marine x3  
  178  9:50  Marine  
  181  9:53  Medivac  
  181  9:54  Marine  
  181  9:58  Factory Tech Lab  
  184  10:10  Marine  
  184  10:11  Siege Tank, Marine x4  
  184  10:12  Marine x5  
  196  10:14  Marine  
  197  10:25  Missile Turret  
  193  10:28  Marine x2  
  193  10:29  Marine  
  193  10:33  Marine  
  176  10:36  Marine  
  176  10:41  Siege Tank  
  176  10:42  Planetary Fortress  
  182  10:44  Siege Tank  
  182  10:46  Ghost Academy  
  183  10:55  Marine x2  
  173  10:59  Marine  
  173  11:01  Marine x3  
  173  11:03  Medivac  
  171  11:12  Medivac  
  171  11:13  Siege Tank, Marine x2  
  171  11:16  Siege Tank  
  171  11:17  Marine  
  180  11:19  Barracks Tech Lab x3, Ghost  
  180  11:20  Ghost  
  179  11:26  Marine  
  179  11:28  Marine x2  
  179  11:32  Marine x2  
  181  11:35  Marine  
  181  11:38  Marine  
  181  11:39  Marine  
  156  11:40  Marine  
  156  11:44  Marine  
  156  11:45  Siege Tank  
  156  11:46  Marine x2  
  156  11:48  Marine, Siege Tank, Medivac x2  
  156  11:49  Marine  
  156  11:51  Marine  
  156  11:54  Marine x2  
  154  11:56  Marine  
  154  11:57  Marine  
  154  11:58  Marine  
  155  12:02  Marine  
  155  12:03  Marine x2  
  155  12:06  Marine  
Show
View Real Time Build Order
Export as new Build Order

SortOf Zerg 

Build Orders: Hatch First 

Get SALT Encoding   

  12  0:01  Drone  
  13  0:12  Overlord  
  13  0:17  Drone  
  14  0:30  Drone x2  
  14  0:34  Drone  
  17  0:45  Drone  
  18  0:55  Hatchery  
  17  0:59  Drone  
  18  1:06  Drone  
  18  1:07  Extractor  
  18  1:19  Spawning Pool  
  18  1:21  Drone  
  18  1:29  Extractor  
  18  1:30  Drone  
  18  1:39  Drone  
  19  1:49  Overlord  
  19  2:05  Zergling x2  
  19  2:06  Queen x2  
  19  2:07  Zergling x2  
  25  2:13  Metabolic Boost  
  25  2:15  Drone  
  26  2:19  Drone  
  27  2:25  Drone  
  28  2:38  Drone x2  
  28  2:40  Overlord  
  28  2:42  Queen  
  32  2:51  Drone x2  
  35  2:58  Drone  
  35  3:03  Drone  
  36  3:08  Overlord  
  36  3:15  Spore Crawler, Drone  
  36  3:16  Drone x5  
  42  3:20  Spore Crawler  
  42  3:28  Zergling x4  
  42  3:34  Zergling x2  
  45  3:35  Hatchery  
  45  3:38  Drone x2  
  46  3:43  Extractor  
  46  3:44  Drone  
  46  3:46  Roach Warren  
  45  3:54  Queen  
  47  3:58  Overlord  
  47  3:59  Drone x2  
  49  4:06  Evolution Chamber, Drone  
  49  4:08  Evolution Chamber  
  46  4:14  Drone x3  
  46  4:15  Overlord  
  48  4:27  Roach x2  
  48  4:28  Roach x2  
  48  4:30  Overlord  
  56  4:33  Drone x3  
  59  4:39  Zerg Ground Armor Level 1  
  59  4:40  Drone  
  59  4:43  Extractor  
  59  4:45  Roach  
  61  4:46  Roach  
  61  4:52  Roach x2  
  67  4:58  Roach  
  69  5:00  Zergling x8  
  71  5:08  Roach  
  71  5:10  Queen  
  71  5:12  Roach, Zergling x2  
  70  5:24  Spore Crawler  
  70  5:26  Spore Crawler, Zerg Melee Weapons Level 1  
  60  5:28  Drone  
  60  5:29  Drone x4  
  60  5:34  Drone x2  
  60  5:35  Drone  
  68  5:40  Ravager x2  
  70  5:44  Drone x3  
  73  5:56  Drone x3  
  74  6:00  Overlord  
  74  6:03  Overlord x2  
  74  6:04  Overlord  
  74  6:06  Lair  
  74  6:09  Overlord  
  74  6:10  Extractor  
  73  6:13  Queen  
  73  6:15  Overlord  
  74  6:24  Ravager x2  
  74  6:25  Roach x3  
  82  6:29  Drone x3  
  83  6:35  Drone x4  
  87  6:40  Roach x3  
  87  6:42  Roach x2, Zergling x2  
  94  6:49  Queen  
  94  6:53  Drone x2  
  97  6:56  Extractor  
  97  6:58  Hatchery, Zergling x6  
  97  6:59  Zergling x4  
  100  7:05  Zergling x2  
  101  7:15  Drone x4  
  105  7:17  Glial Reconstitution  
  105  7:18  Zerg Ground Armor Level 2  
  105  7:20  Drone x3  
  105  7:21  Drone  
  109  7:23  Zergling x6  
  109  7:27  Zerg Melee Weapons Level 2  
  112  7:35  Zergling x10  
  117  7:41  Infestation Pit  
  116  7:45  Hatchery  
  115  7:55  Ravager x3  
  115  7:57  Drone x2  
  115  7:58  Drone, Overlord  
  121  7:59  Overlord x3  
  121  8:00  Extractor  
  119  8:15  Drone  
  119  8:16  Drone x2  
  119  8:17  Hive, Pathogen Glands  
  123  8:20  Zergling x16  
  123  8:24  Drone x2  
  123  8:25  Drone  
  133  8:33  Zergling x16  
  141  8:41  Overlord  
  141  8:46  Overseer  
  141  8:48  Zergling x16  
  144  8:50  Overlord  
  149  8:58  Infestor x2  
  149  8:59  Spore Crawler  
  149  9:00  Overlord  
  151  9:04  Infestor x2  
  151  9:05  Infestor  
  151  9:09  Overlord  
  156  9:14  Overlord  
  156  9:27  Infestor x2  
  156  9:30  Extractor, Zergling x8  
  156  9:31  Zergling x24  
  175  9:36  Spore Crawler  
  175  9:37  Zergling x4  
  173  9:50  Hatchery  
  169  9:59  Ultralisk Cavern  
  168  10:02  Drone x7  
  168  10:03  Drone x4  
  178  10:15  Zergling x10  
  179  10:30  Zergling x10  
  179  10:31  Zergling x8  
  172  10:42  Zergling x2  
  167  10:43  Zergling x6  
  152  10:59  Zergling x2  
  152  11:00  Ultralisk, Zergling x4  
  152  11:02  Ultralisk x2, Zergling x2  
  168  11:06  Zergling x6  
  165  11:15  Ultralisk  
  165  11:16  Zergling x12  
  169  11:27  Overlord  
  134  11:40  Ultralisk, Zergling x4  
  134  11:41  Zergling x6  
  134  11:43  Zergling x2  
  118  11:47  Infestor x2  
  118  11:48  Infestor  
  117  12:05  Zergling x2  
  117  12:06  Zergling x2  
Tags
 
Add a new tag
Caveats
  • Supply blocks, unpowered buildings, or Contaminate may cause inaccurate times.
  • Supply counts are checked every 10 seconds.